 Dungeon Crawl Stone Soup version 0.22-a0-322-g60b3cfd (webtiles) character file.

35 Kairos the Shield-Bearer (level 3, 29/29 HPs)
             Began as a Formicid Fighter on Apr 3, 2018.
             Got out of the dungeon alive.
             The game lasted 00:00:56 (714 turns).

Kairos the Shield-Bearer (Formicid Fighter)          Turns: 714, Time: 00:00:56

Health: 29/29      AC:  7    Str: 20    XL:     3   Next: 52%
Magic:  3/3        EV:  8    Int:  7    God:
Gold:   61         SH:  9    Dex: 11    Spells: 2/2 levels left

rFire    . . .     SeeInvis +   a - +0 quarterstaff
rCold    . . .     Gourm    .   c - +0 shield
rNeg     . . .     Faith    .   b - +0 scale mail
rPois    .         Spirit   .   (helmet unavailable)
rElec    .         Reflect  .   (no cloak)
rCorr    .         Harm     .   (no gloves)
MR       .....                  (no boots)
Stlth    ..........             (no amulet)
HPRegen  0.09/turn              (no ring)
MPRegen  0.08/turn              (no ring)

@: no status effects
A: permanent stasis, dig shafts and tunnels, four strong arms, antennae 3
a: Dig, Shaft Self


You escaped.
You were not hungry.

You visited 1 branch of the dungeon, and saw 1 of its levels.

You collected 61 gold pieces.

Inventory:

Hand Weapons
 a - a +0 quarterstaff (weapon)
 e - a +0 whip of venom
Armour
 b - a +0 scale mail (worn)
 c - a +0 shield (worn)
Scrolls
 g - a scroll of fear {unknown}
 j - 2 scrolls of identify {unknown}
 l - a scroll of remove curse {unknown}
 m - a scroll of teleportation {unknown}
Potions
 d - 2 potions of might
 h - 4 potions of curing {unknown}
 i - a potion of cancellation {unknown}
 k - a potion of agility {unknown}
Comestibles
 f - 3 rations


   Skills:
 + Level 3.5 Fighting
 + Level 2.3 Staves
 + Level 4.0 Armour
 + Level 0.1 Dodging
 + Level 4.0 Shields


You had 2 spell levels left.
You didn't know any spells.

Dungeon Overview and Level Annotations

Branches:
Dungeon (1/15)

Altars:


Innate Abilities, Weirdness & Mutations

You cannot be hasted, slowed, berserked, paralysed or teleported.
You can dig through walls and to a lower floor.
Your four strong arms can wield two-handed weapons with a shield.
You have a pair of large antennae on your head. (SInv)


Message History

You see here a rat corpse.
Things that are here:
a dagger; a goblin corpse You see here a bat skeleton.
Key pressed, stopping explore.
Done exploring.
Done exploring.
No target in view!
No target in view!
No target in view!
Done exploring.
Done exploring.
Done exploring.
Done exploring.
You see here a club.
You see here a club.
You see here a club.
There is a staircase leading out of the dungeon here.
Are you sure you want to leave the Dungeon?
This will make you lose the game!
You have escaped!

#.# #.# # #.# #.#
# ##.# #.# # ...#
#.# # ##.# #.#####
# #.# #.....# #
#.#
####.###.#########
# #.#
#.....(..........#
# #.#
#.##..##>#@#..##.#
## #.#
#.....######.....#
##. #.# #.##.##
##.##.# ##.. #.#
#.>### ###..#
##... ##.# #.##.##
##.##.# #.... ##.#
#.....######.....#
##... ...#
#.##..#.#>##..##.#
##.. ####
#...............†#
##. #
########.####...##
#.


There were no monsters in sight!

Vanquished Creatures
  2 oozes (D:1)
  4 bats (D:1)
  A giant cockroach (D:1)
  3 goblins (D:1)
  6 hobgoblins (D:1)
  A frilled lizard (D:1)
  5 kobolds (D:1)
  2 rats (D:1)
24 creatures vanquished.

Notes
Turn   | Place    | Note
-------+----------+-------------------------------------------
     0 | D:1      | Kairos the Formicid Fighter began the quest for the Orb.
     0 | D:1      | Reached XP level 1. HP: 18/18 MP: 1/1
    25 | D:1      | Reached XP level 2. HP: 24/24 MP: 2/2
   279 | D:1      | Reached XP level 3. HP: 29/29 MP: 3/3
   714 | D:$      | Got out of the dungeon alive.

Vault maps used:
D:1:      onia_arrival_handbag, minmay_tetromino_s2

Skill      XL: |  1  2  3 |
---------------+----------+-----
Shields        | 4 |  4.0
Armour         | 4 |  4.0
Fighting       | |  3.5
Staves         | |  2.3
Dodging        | |  0.1

Action                   || total
-------------------------++-------
Melee: Quarterstaff      ||    77
Armor: Scale mail        ||    35
Dodge: Dodged            ||    31
Block: Shield            ||    35

Table legend:
 A = Spawn XP
 B = Non-spawn XP
 C = Spawn XP percentage of total XP
 D = Spawn monster count
 E = Non-spawn monster count
 F = Spawn count percentage of total count
 G = Total turns spent on level
                    A         B        C        D         E        F      G
               +---------+---------+-------+---------+---------+-------+---------
         Total |       0 |      50 |   0.0 |       0 |      24 |   0.0 |   714
               +---------+---------+-------+---------+---------+-------+---------
           D:1 |       0 |      50 |   0.0 |       0 |      24 |   0.0 |   714
               +---------+---------+-------+---------+---------+-------+---------
